[Event "CAMPEONATO NACIONAL ABSOLUTO DE CHILE 2019"]
[Site "Torre ENTEL, Chile"]
[Date "2019.02.28"]
[Round "11.3"]
[White "Cuevas Araya, Walter"]
[Black "Garcia Cardenas, Pablo"]
[Result "0-1"]
[TimeControl "90 minutos mas 30 segundos incremento por movida"]
[WhiteTitle "FM"]
[BlackTitle "IM"]
[WhiteFideId "3405028"]
[BlackFideId "3406903"]
[WhiteElo "2187"]
[BlackElo "2449"]

1. e4 c5 2. Nf3 e6 3. d4 cxd4 4. Nxd4 a6 5. Nc3 Qc7 6. Bd3 Nf6 7. Qe2 d6 8. g4 Be7 9. g5 Nfd7 10.
Be3 b5 11. a3 Bb7 12. Rg1 Nc6 13. f4 Nxd4 14. Bxd4 e5 15. Be3 exf4 16. Bxf4 O-O 17. O-O-O Rfe8 18. Qf2 Bf8 19. Nd5 Bxd5 20.
exd5 g6 21. h4 Nb6 22. h5 Nxd5 23. hxg6 hxg6 24. Bxb5 axb5 25. Rxd5 Qc4 26. Rd4 Qa2 27. Rb4 d5 28. Rb3 Rac8 29. Kd1 Bc5 30. Qh4 Qb1+ 31. Kd2 Bxg1 0-1

[Event "CAMPEONATO NACIONAL ABSOLUTO DE CHILE 2019"]
[Site "Torre ENTEL, Chile"]
[Date "2019.02.28"]
[Round "11.5"]
[White "Lopez Silva, Hugo"]
[Black "Torres Bravo, Cristobal"]
[Result "1/2-1/2"]
[TimeControl "90 minutos mas 30 segundos incremento por movida"]
[BlackTitle "FM"]
[WhiteFideId "3403874"]
[BlackFideId "3405940"]
[WhiteElo "2413"]
[BlackElo "2347"]

1. e4 c5 2. Nf3 Nc6 3.
d4 cxd4 4. Nxd4 e6 5. Nc3 Qc7 6. Be3 a6 7. Qf3 Nf6 8. O-O-O h5 9. h3 d6 10. Be2 Be7 11.
g4 Nxd4 12. Rxd4 b5 13. Qg2 Bb7 14. g5 Nd7 15. Rhd1 Rc8 16. a3 d5 17. g6 f6 18. R4d2 Bxa3 19. Nxd5 exd5 20. bxa3 Nc5 21. Bxc5 Qxc5 22. exd5 Qxa3+ 23. Kb1 Qb4+ 24. Kc1 Qa3+ 1/2-1/2

[Event "CAMPEONATO NACIONAL ABSOLUTO DE CHILE 2019"]
[Site "Torre ENTEL, Chile"]
[Date "2019.02.28"]
[Round "11.6"]
[White "Salinas Herrera, Pablo"]
[Black "Henriquez Villagra, Cristobal"]
[Result "1/2-1/2"]
[TimeControl "90 minutos mas 30 segundos incremento por movida"]
[WhiteTitle "IM"]
[BlackTitle "GM"]
[WhiteFideId "3407128"]
[BlackFideId "3409350"]
[WhiteElo "2477"]
[BlackElo "2508"]

1. d4 Nf6 2. Nf3 d5 3. Bf4 e6 4. e3 c5 5. c3 Nc6 6. Nbd2 Bd6 7. Bg3 O-O 8. Bd3 b6 9. e4 Be7 10. Ne5 Nxe5 11. dxe5 Nxe4 12.
Nxe4 dxe4 13. Bxe4 Qxd1+ 14. Rxd1 Rb8 15. Ke2 Ba6+ 16. Ke3 Rfd8 1/2-1/2